 Dungeon Crawl Stone Soup version 0.32-a0-306-gfed3edf829 (webtiles) character file.

Game seed: 16778729564637864531

3101 astralcataclysm the Conjurer (level 9, -3/62 HPs)
             Began as a Grey Draconian Conjurer on Feb 14, 2024.
             Was a Follower of Vehumet.
             Succumbed to Erica's bolt of poison
             ... on level 8 of the Dungeon.
             The game lasted 00:39:50 (8369 turns).

astralcataclysm the Conjurer (DrCj)                 Turns: 8369, Time: 00:39:51

Health: -3/62      AC: 12    Str: 12    XL:     9   Next: 59%
Magic:  16/27      EV: 14    Int: 26    God:    Vehumet [*.....]
Gold:   445        SH:  0    Dex: 12    Spells: 4/20 levels left

rFire   . . .        p - +6 quarterstaff "Seogy" {flame, rN+ Str+3 Int+3 Dex+2}
rCold   . . .        (shield currently unavailable)
rNeg    + . .        (body armour unavailable)
rPois   .            (helmet restricted)
rElec   .            (no cloak)
rCorr   .            (no gloves)
SInv    .            (no boots)
Will    +....        u - amulet of regeneration
Stlth   +++          d - ring of magical power
HPRegen 1.10/turn    c - ring of willpower
MPRegen 0.20/turn

%: no passive effects
@: lethally poisoned (-3 -> -31), about to teleport, slowed, very slow
A: AC +12, amphibious, unfitting armour, cold-blooded
a: Renounce Religion


You were on level 8 of the Dungeon.
You worshipped Vehumet.
Vehumet was aware of your devotion.
You visited 2 branches of the dungeon, and saw 9 of its levels.
You also visited: Ossuary.

You collected 445 gold pieces.

Inventory:

Hand Weapons
 p - the +6 quarterstaff "Seogy" (weapon) {flame, rN+ Str+3 Int+3 Dex+2}
   (You found it on level 4 of the Dungeon)

   Str+3:     It affects your strength (+3).
   Int+3:     It affects your intelligence (+3).
   Dex+2:     It affects your dexterity (+2).
   rN+:       It protects you from negative energy.
 s - the +12 dagger of Detodoxt {spect, Will+}
   (You found it on level 4 of the Dungeon)

   Will+:     It increases your willpower.
Armour
 B - an orb of energy
Jewellery
 c - a ring of willpower (right hand)
 d - a ring of magical power (left hand)
 u - an amulet of regeneration (around neck)
 C - an amulet of magic regeneration
 E - a ring of ice
Wands
 g - a wand of polymorph (9)
Scrolls
 h - 6 scrolls of teleportation
 j - a scroll of enchant weapon
 l - a scroll of revelation
 m - a scroll of enchant armour {unknown}
 n - a scroll of fog {unknown}
 o - 2 scrolls of blinking {unknown}
 q - 3 scrolls of poison
 r - 3 scrolls of summoning
 w - 2 scrolls of vulnerability
 y - 3 scrolls of fear
 D - 2 scrolls of identify
 F - a scroll of amnesia {unknown}
Potions
 a - a potion of magic
 b - a potion of mutation
 e - 7 potions of curing
 f - 3 potions of might
 i - 6 potions of brilliance
 k - a potion of haste {unknown}
 t - a potion of enlightenment {unknown}
 v - 2 potions of heal wounds {unknown}
 x - a potion of invisibility {unknown}
 z - 2 potions of lignification
 A - a potion of berserk rage {unknown}


   Skills:
 + Level 6.3 Dodging
 + Level 6.8 Stealth
 + Level 6.4 Spellcasting
 + Level 7.8 Conjurations
 + Level 2.0 Earth Magic


You had 4 spell levels left.
You knew the following spells:

 Your Spells              Type           Power      Damage    Failure   Level
a - Magic Dart            Conj           100%       1d8       1%          1
b - Searing Ray           Conj           98%        2d8       1%          2
c - Stone Arrow           Conj/Erth      68%        3d11      2%          3
d - Mephitic Cloud        Conj/Alch/Air  21%        N/A       7%          3
e - Brom's Barrelling Bo  Conj/Erth      34%        2d5       9%          4
f - Swiftness             Air            8%         N/A       21%         3

Your spell library contained the following spells:

 Spells                   Type           Power      Damage    Failure   Level
 Sting                    Conj/Alch      100%       1d9       1%          1
 Shock                    Conj/Air       100%       1d9       1%          1
 Sandblast                Erth           38%        2d10      2%          1
 Dazzling Flash           Conj/Hex       56%        N/A       4%          3
 Passwall                 Erth           19%        N/A       9%          3
 Cigotuvi's Dreadful Rot  Necr/Alch/Air  16%        N/A       10%         2
 Ensorcelled Hibernation  Hex/Ice        16%        N/A       10%         2
 Mercury Vapours          Alch/Air       16%        N/A       10%         2
 Fulminant Prism          Conj/Alch      14%        3d9       13%         4
 Iskenderun's Mystic Bla  Conj/Tloc      28%        2d7       13%         4
 Volatile Blastmotes      Fire/Tloc      16%        2d11      21%         3
 Airstrike                Air            4%         2d(1-17)  54%         4
 Ignite Poison            Fire/Alch      8%         N/A       54%         4
 Freezing Cloud           Conj/Ice/Air   10%        6-21      54%         5
 Starburst                Conj/Fire      14%        6d6       90%         6
 Maxwell's Capacitive Co  Air            4%         ∞         100%        8


Dungeon Overview and Level Annotations

Branches:
Dungeon (8/15)             Temple (1/1) D:4         Ossuary (visited)
   Lair: D:8-11

Altars:
Ashenzari
Cheibriados
Elyvilon
Fedhas
Gozag
Hepliaklqana
Kikubaaqudgha
Makhleb
Nemelex Xobeh
Okawaru
Qazlal
Ru
Sif Muna
Trog
Uskayaw
Vehumet
Wu Jian
Xom
Yredelemnul
Zin
The Shining One

Shops:
D:4 ::

Annotations:
D:3 1 runed translucent door, lio52's ghost, weakling KoSh
D:8 Erica; Joseph


Innate Abilities, Weirdness & Mutations

Your dull iron-grey scales are very hard. (AC +12)
You are amphibious.
You cannot fit into any form of body armour.
You are cold-blooded and may be slowed by cold attacks.


Message History

Erica stares at you and mumbles some strange words.
You feel yourself slow down.
Things that are here:
a +0 hand axe; a +0 plate armour; an orc corpse A wight comes into view.
It is wielding a +1 great sword.
A wight comes into view. It is wielding a +3 falchion.
Erica casts a spell.
Erica flickers and vanishes!
Deactivating autopickup; reactivate with Ctrl-A.
The wight moves out of view.
You hear some strange, mumbled words.
A bolt of poison appears from out of thin air!
The bolt of poison hits you!
You are poisoned.
A wight comes into view. It is wielding a +3 halberd.
A wight comes into view. It is wielding a +0 spear.
You feel extremely sick.
You hear some strange, mumbled words.
A bolt of poison appears from out of thin air!
The bolt of poison hits you!
You are more poisoned.
You feel extremely sick.
Casting: Stone Arrow (dangerous; 2% risk of failure)
Confirm with . or Enter, or press ? or * to list all spells.
Aiming: Brom's Barrelling Boulder (dangerous; 9% risk of failure)
Press: ? - help, Dir - move target, f - wight
Aim: a wight, wielding a +0 spear and wearing a +0 robe (100% to hit)
You send a boulder barrelling forward!
* * * LOW HITPOINT WARNING * * *
You feel extremely sick.
You hear some strange, mumbled words.
A bolt of poison appears from out of thin air!
The bolt of poison hits your boulder.
Your boulder completely resists.
The bolt of poison hits you!
You are lethally poisoned!
* * * LOW HITPOINT WARNING * * *
As you read the scroll of teleportation, it crumbles to dust.
You feel strangely unstable.
You die...

#..# #..##.....
#..# #....c....
#z.# ##.###....
#z.# ###.### .
#..# #.....#
#z)###.....####
#...........).#
#*####.....##.#
#@# #.....##.#
#.######.###.#..#
#...# #....###...
###.# #####.#..##
#.# #.#.## #.#
.#.## #.# #@#...
#.# #..... #.# #


You could see 3 wights and a friendly boulder.

Vanquished Creatures
  A wyvern (D:7)
  A steam dragon (D:8)
  Menkaure (D:5)
  A water moccasin (D:6)
  An ice beast (D:7)
  Duvessa (D:5)
  An orc warrior (D:8)
  2 ogres
  A centaur (D:7)
  3 phantoms
  2 kobold brigands (D:8)
  A bullfrog (D:6)
  5 elf zombies (Ossuary)
  2 scorpions (D:5)
  A wight (D:8)
  Dowan (D:5)
  A bombardier beetle (D:7)
  4 centaur zombies (Ossuary)
  4 hounds
  2 human zombies (Ossuary)
  4 orc priests
  3 jellies
  A sleepcap (D:8)
  4 iguanas
  4 orc wizards
  3 mummies (Ossuary)
  A gnoll (D:1)
  2 adders
  A white imp (D:5)
  4 dart slugs
  15 orcs
  5 endoplasms
  2 giant cockroaches
  8 goblins
  3 hobgoblins (D:1)
  4 jackals
  12 kobolds
  4 quokkas
  6 ball pythons
  3 bats
  3 frilled lizards
  5 rats
133 creatures vanquished.

Vanquished Creatures (collateral kills)
  A phantom (D:5)
1 creature vanquished.

Vanquished Creatures (others)
  A boulder (D:7)
1 creature vanquished.

Grand Total: 135 creatures vanquished

Notes
Turn   | Place    | Note
-------+----------+-------------------------------------------
     0 | D:1      | astralcataclysm the Draconian Conjurer began the quest for
                  | the Orb.
     0 | D:1      | Reached XP level 1. HP: 14/14 MP: 3/3
   270 | D:1      | Reached XP level 2. HP: 20/20 MP: 5/5
   273 | D:1      | Learned a level 2 spell: Searing Ray
   472 | D:1      | Reached XP level 3. HP: 26/26 MP: 6/6
  1633 | D:2      | Reached XP level 4. HP: 33/33 MP: 7/7
  2315 | D:3      | Found a runed translucent door.
  2719 | D:3      | Noticed lio52's ghost (weakling KoSh)
  2742 | D:4      | Found Bim Zuukue's Self-Improvement Boutique.
  2748 | D:4      | Learned a level 3 spell: Stone Arrow
  2808 | D:4      | Found Guocw's Book Emporium.
  3067 | D:4      | Identified the +6 quarterstaff "Seogy" {flame, rN+ Str+3
                  | Int+3 Dex+2}
  3107 | D:4      | Found a staircase to the Ecumenical Temple.
  3188 | D:4      | Identified the +12 dagger of Detodoxt {spect, Will+}
  3277 | Temple   | Entered the Ecumenical Temple
  3330 | Temple   | Became a worshipper of Vehumet
  3753 | D:5      | Entered Level 5 of the Dungeon
  3767 | D:5      | Noticed a phantom
  3775 | D:5      | Killed a phantom
  3776 | D:5      | Reached XP level 5. HP: 36/38 MP: 9/9
  3828 | D:5      | Noticed Duvessa
  3831 | D:5      | Noticed Dowan
  3842 | D:5      | Killed Duvessa
  3843 | D:5      | Reached skill level 5 in Conjurations
  3843 | D:5      | Reached XP level 6. HP: 38/45 MP: 4/11
  3915 | D:5      | Found a sand-covered staircase.
  3927 | Ossuary  | Entered an ossuary
  4029 | Ossuary  | Learned a level 3 spell: Mephitic Cloud
  4054 | Ossuary  | Your scales start taking on a dull iron-grey colour.
  4054 | Ossuary  | Reached XP level 7. HP: 38/50 MP: 2/12
  4382 | Ossuary  | Reached skill level 6 in Conjurations
  4606 | D:5      | Reached XP level 8. HP: 57/57 MP: 14/14
  4751 | D:5      | Killed Dowan
  4753 | D:5      | Reached * piety under Vehumet
  4753 | D:5      | Offered knowledge of Sting by Vehumet.
  4754 | D:5      | Reached skill level 5 in Stealth
  5008 | D:5      | Reached skill level 5 in Spellcasting
  5015 | D:5      | Reached skill level 5 in Dodging
  5509 | D:5      | Noticed Menkaure
  5511 | D:5      | Killed Menkaure
  5890 | D:6      | Reached skill level 7 in Conjurations
  6327 | D:6      | Reached XP level 9. HP: 62/62 MP: 17/17
  6607 | D:7      | Learned a level 4 spell: Brom's Barrelling Boulder
  6611 | D:7      | Learned a level 3 spell: Swiftness
  7813 | D:8      | Identified the +0 short sword "Benauk" {freeze, Int+3}
  7950 | D:8      | Reached skill level 1 in Earth Magic
  8181 | D:8      | Noticed Joseph
  8354 | D:8      | Noticed Erica
  8369 | D:8      | Succumbed to Erica's bolt of poison

Illustrated notes

Levels and vault maps discovered:
D:1:      dpeg_arrival_rooms_c, layout_basic, ebering_dispersal_statue_hall,
          minmay_tromino_v4_b
D:2:      layout_rooms, serial_curves, eino_curves_04, eino_curves_02,
          eino_curves_01, nicolae_kite_square_tiling_tiny
D:3:      layout_loops_ring, ebering_ghost_reflecting_pool,
          minmay_misc_feat_rows
D:4:      layout_basic, minmay_temple_entry_statues_pillars, serial_shops, shop,
          nicolae_shop_self_help
D:5:      layout_gridville, enter_ossuary_1, uniq_duvessa, uniq_menkaure
D:6:      layout_loops_cross
D:7:      layout_basic
D:8:      layout_loops_ring, uniq_erica, uniq_maurice, uniq_joseph
Temple:   nicolae_temple_bog_church

Skill      XL: |  1  2  3  4  5  6  7  8  9 |
---------------+----------------------------+-----
Dodging        | 2 3 4 5 6 |  6.3
Stealth        | 2 3 4 6 |  6.8
Spellcasting   | 3 4 5 6 |  6.4
Conjurations   | 5 6 7 |  7.8
Earth Magic    | 2 |  2.0

Action                     |  1- 3 |  4- 6 |  7- 9 || total
---------------------------+-------+-------+-------++-------
  Melee: Quarterstaff      |       |     4 |    25 ||    29
         Tailslap          |       |       |     3 ||     3
   Cast: Magic Dart        |    54 |    60 |   163 ||   277
         Searing Ray       |       |    11 |    17 ||    28
         Mephitic Cloud    |       |       |    11 ||    11
         Stone Arrow       |       |       |    42 ||    42
         Brom's Barrelling |       |       |     8 ||     8
    Use: Scroll            |       |    10 |     6 ||    16
         Potion            |       |       |     4 ||     4
 Armour: Skin              |     1 |    36 |    98 ||   135
  Dodge: Dodged            |     2 |    23 |    57 ||    82

Table legend: (Time is in decaauts)
 A = Elapsed time spent in this place.
 B = Non-inter-level travel time spent in this place.
 C = Inter-level travel time spent in this place.
 D = Time resting spent in this place.
 E = Time spent auto-exploring this place.
 F = Levels seen in this place.
 G = Mean time per level.
                   A        B        C        D        E       F      G
               +--------+--------+--------+--------+--------+-----+--------+
         Total |   8378 |   8108 |    270 |    939 |   5956 |  10 |  837.8 |
       Dungeon |   7713 |   7494 |    219 |    539 |   5886 |   8 |  964.1 |
        Temple |     70 |     19 |     51 |      0 |      0 |   1 |   70.0 |
       Ossuary |    595 |    595 |      0 |    400 |     70 |   1 |  595.0 |
               +--------+--------+--------+--------+--------+-----+--------+

Top non-repeatable levels by time:
     D:5: 1437 daAuts
     D:1: 1207 daAuts
     D:7: 1139 daAuts
     D:4: 940 daAuts
     D:3: 886 daAuts
     D:6: 869 daAuts
     D:2: 647 daAuts
 Ossuary: 595 daAuts
     D:8: 585 daAuts
  Temple: 70 daAuts
